Avalanche vs Blue Jackets

Created - 18 janvier 2017 at 23:44

Goals
1 2 3 T
Avalanche 2 3 0 5
Blue Jackets 0 1 1 2
Shots
1 2 3 T
Avalanche 10 14 11 35
Blue Jackets 13 12 11 36

1st period

1. Avalanche , Paul Stastny 12 (Jay Bouwmeester, Alexander Radulov) at 16:27
2. Avalanche , Mikkel Boedker 13 (Corey Perry) at 18:11

Penalties :
Marcus Nilson (Clb) for Interference (Minor) at 12:31

2nd period

3. Avalanche , Jay Bouwmeester 6 (Bryan Little, Corey Perry) at 3:37 (PP)
4. Avalanche , Andrei Kostitsyn 16 (Paul Stastny, Jay Bouwmeester) at 8:09
5. Blue Jackets , Marcus Nilson 9 (Andreas Nodl, Martin Havlat) at 10:18
6. Avalanche , Marc Staal 2 (Alexander Radulov, Jack Johnson) at 15:02 (SH)

Penalties :
Cory Emmerton (Clb) for Hooking (Minor) at 1:48, Brooks Orpik (Clb) for Fighting (Major) at 8:14, Paul Stastny (Col) for Fighting (Major) at 8:14, Chuck Kobasew (Col) for Interference (Minor) at 14:42

3rd period

7. Blue Jackets , Mike York 14 (Andreas Nodl, Marcus Nilson) at 8:19 (PP)

Penalties :
Chuck Kobasew (Col) for Hooking (Minor) at 1:44, Bryan Little (Col) for Delaying the game (Minor) at 5:51, Andrei Kostitsyn (Col) for Interference (Minor) at 8:17, Cory Emmerton (Clb) for Slashing (Minor) at 16:57

Goalie Stats

Semyon Varlamov (Col), 34 saves from 36 shots - (0,944), W, 7-11-2, 60:00 minutes
Niklas Backstrom (Clb), 17 saves from 18 shots - (0,944), 31:51 minutes
Rick DiPietro (Clb), 13 saves from 17 shots - (0,765), L, 14-15-1, 28:09 minutes

Players Stats for Avalanche

Player Name              G  A  P  +/- PIM S  H  SB GA TA FO     MP     PP MP  PK MP  
------------------------------------------------------------------------------------
Alexander Radulov        0  2  2   2  0   1  1  1  1  0  0/0    21:10   2:43   2:05 
Andrei Kostitsyn         1  0  1   1  2   4  5  0  1  0  0/0    18:28   2:55   1:47 
Andrew Ladd              0  0  0   0  0   2  2  0  0  0  0/1    10:27   0:09   1:22 
Brandon Yip              0  0  0   0  0   0  0  0  0  0  0/0     9:39   0:09   0:53 
Bryan Little             0  1  1   1  2   3  3  0  2  0  6/13   16:17   2:59   0:00 
Chuck Kobasew            0  0  0   0  4   0  2  1  0  0  0/0    13:41   0:00   1:15 
Corey Perry              0  2  2   0  0   4  0  0  2  0  2/5    17:43   2:55   0:00 
David Krejci             0  0  0   0  0   2  0  0  0  1  5/9    10:59   0:05   0:42 
Jack Johnson             0  1  1   2  0   5  1  0  0  0  0/0    23:06   0:00   3:06 
Jay Bouwmeester          1  2  3   1  0   2  1  0  0  0  0/0    14:46   3:39   0:00 
Johnny Boychuk           0  0  0   0  0   0  0  0  2  1  0/0    18:27   3:39   0:00 
Marc Staal               1  0  1   2  0   3  2  0  0  1  0/0    24:35   2:08   3:06 
Mike Comrie              0  0  0   1  0   2  1  0  0  0  5/14   15:06   0:00   3:54 
Mikkel Boedker           1  0  1   1  0   2  3  0  0  0  1/1    15:55   2:43   0:00 
Paul Stastny             1  1  2   2  5   3  2  0  0  0  12/20  14:48   2:43   0:00 
Pernell Karl Subban      0  0  0   0  0   0  0  4  0  0  0/0    22:08   2:08   2:53 
Ryan Smyth               0  0  0   0  0   2  0  0  0  0  0/0     9:43   0:00   0:00 
Shane O'Brien            0  0  0   1  0   0  0  2  0  1  0/0    16:58   0:00   2:53 

Players Stats for Blue Jackets

Player Name              G  A  P  +/- PIM S  H  SB GA TA FO     MP     PP MP  PK MP  
------------------------------------------------------------------------------------
A.J Thelen               0  0  0   0  0   1  1  0  0  0  0/0    11:46   0:00   0:00 
Andreas Nodl             0  2  2   0  0   2  2  1  1  1  0/1    15:02   2:06   0:00 
Andrew Gordon            0  0  0   0  0   1  1  0  0  0  0/0     8:53   0:09   0:00 
Branislav Mezei          0  0  0  -3  0   0  2  0  1  2  0/0    29:20   3:57   3:38 
Brooks Orpik             0  0  0  -1  5   1  0  0  0  0  0/0    17:30   2:02   2:09 
Cory Emmerton            0  0  0   0  4   2  0  0  0  0  0/2     8:50   0:00   0:00 
Dave Steckel             0  0  0  -1  0   1  0  0  0  0  4/7    10:01   0:26   0:20 
David Booth              0  0  0  -2  0   1  4  0  0  1  0/1    25:17   3:47   3:22 
François Beauchemin      0  0  0   0  0   0  0  0  0  1  0/0    18:54   2:02   2:09 
Jan Bulis                0  0  0   0  0   0  0  0  0  0  1/2     1:55   0:00   0:00 
Jason Ward               0  0  0  -1  0   0  1  0  0  0  1/1     8:07   0:00   0:00 
Jeff Taffe               0  0  0  -1  0   2  1  0  1  0  0/2    12:01   0:06   1:51 
Marcus Nilson            1  1  2   0  2   3  2  0  0  0  2/3    16:45   2:06   1:27 
Martin Havlat            0  1  1  -2  0   7  0  0  0  2  0/0    23:06   3:44   1:23 
Mike Commodore           0  0  0   1  0   1  2  0  0  1  0/0    13:09   0:00   0:00 
Mike Lundin              0  0  0  -3  0   4  2  3  0  0  0/0    29:20   3:57   3:38 
Mike York                1  0  1   0  0   6  2  0  0  0  5/8    18:07   1:49   0:03 
Pavel Datsyuk            0  0  0  -2  0   4  4  1  1  0  19/36  26:06   3:44   3:08 

3 Stars

1 - Jay Bouwmeester (Col)
2 - Marc Staal (Col)
3 - Alexander Radulov (Col)

Power Play

Avalanche - 1 on 3 Attempt(s) - 33,33%
Blue Jackets - 1 on 4 Attempt(s) - 25,00%

Penalty Kill

Avalanche - 3 on 4 Attempt(s) - 75,00% - Score 1 goal in Penalty Kill
Blue Jackets - 2 on 3 Attempt(s) - 66,67% - Score 0 goal in Penalty Kill

Team Stat

Avalanche - Hits : 23 - Faceoff Wins : 31 - Blocked Shots : 8 - Penalty Minutes : 13
Blue Jackets - Hits : 24 - Faceoff Wins : 32 - Blocked Shots : 5 - Penalty Minutes : 11

Official

Referees : Fraser Kerry and Kozari Steve
Linesman : Mark Pare and Brian Mach

Game Notes

Jan Bulis is injured at 6:40 of 1st period (Sprained Right Knee)
Niklas Backstrom enters game at 8:09 of 2nd period
Paul Stastny beats up Brooks Orpik at 8:14 of 2nd period

Finance

Level 1 -- Attendance: 4315 (71,92%) -- Ticket Income 388 350 $
Level 2 -- Attendance: 3606 (72,12%) -- Ticket Income 198 330 $
Level 3 -- Attendance: 2000 (100,00%) -- Ticket Income 60 000 $
Level 4 -- Attendance: 3692 (92,30%) -- Ticket Income 73 840 $
Luxury Box -- Attendance: 703 (70,30%) -- Ticket Income 130 055 $
Game was played at the Ohio State Arena.
Total Attendance: 14316 (79,53%)
Total Ticket Income: 850 575 $
Other Income: 127 586 $
Total Income: 978 161 $

Avalanche

5 vs 5 Forward 
   Center                   Left Wing                Right Wing               Time % Phy DF OF 
 1 Bryan Little             Mikkel Boedker           Corey Perry              35     1   2  2  
 2 Paul Stastny             Andrei Kostitsyn         Alexander Radulov        35     1   2  2  
 3 Mike Comrie              Andrew Ladd              Brandon Yip              15     1   2  2  
 4 David Krejci             Ryan Smyth               Chuck Kobasew            15     1   2  2  

5 vs 5 Defense 
   Defense                  Defense                                           Time % Phy DF OF 
 1 Marc Staal               Jack Johnson                                      40     1   2  2  
 2 Shane O'Brien            Jay Bouwmeester                                   30     1   2  2  
 3 Pernell Karl Subban      Johnny Boychuk                                    30     1   2  2  
 4 Marc Staal               Jack Johnson                                      0      1   2  2  

PowerPlay Forward 
   Center                   Left Wing                Right Wing               Time % Phy DF OF 
 1 Bryan Little             Andrei Kostitsyn         Corey Perry              60     1   2  2  
 2 Paul Stastny             Mikkel Boedker           Alexander Radulov        40     1   2  2  

PowerPlay Defense
   Defense                  Defense                                           Time % Phy DF OF 
 1 Jay Bouwmeester          Johnny Boychuk                                    60     1   2  2  
 2 Marc Staal               Pernell Karl Subban                               40     1   2  2  

Penalty Kill 4 Players Forward 
   Center                   Wing                     Time % Phy DF OF 
 1 Mike Comrie              Chuck Kobasew            60     1   2  2  
 2 Brandon Yip              Andrew Ladd              40     1   2  2  

Penalty Kill 4 Players Defense
   Defense                  Defense                  Time % Phy DF OF 
 1 Marc Staal               Jack Johnson             60     1   2  2  
 2 Pernell Karl Subban      Shane O'Brien            40     1   2  2  

Penalty Kill - 3 Players Forward 
   Forward                                           Time % Phy DF OF 
 1 Mike Comrie                                       60     1   2  2  
 2 Chuck Kobasew                                     40     1   2  2  

Penalty Kill - 3 Players Defense
   Defense                  Defense                  Time % Phy DF OF 
 1 Pernell Karl Subban      Marc Staal               60     1   2  2  
 2 Shane O'Brien            Jack Johnson             40     1   2  2  

4 vs 4 Forward 
   Center                   Wing                     Time % Phy DF OF 
 1 Corey Perry              Andrei Kostitsyn         60     1   2  2  
 2 Mikkel Boedker           Bryan Little             40     1   2  2  

4 vs 4 Defense
   Defense                  Defense                  Time % Phy DF OF 
 1 Marc Staal               Jack Johnson             60     1   2  2  
 2 Shane O'Brien            Jay Bouwmeester          40     1   2  2  

Last Minutes Offensive
   Center                   Left Wing                Right Wing               Defense                  Defense                  
   Bryan Little             Andrei Kostitsyn         Corey Perry              Marc Staal               Jack Johnson             

Last Minutes Defensive
   Center                   Left Wing                Right Wing               Defense                  Defense                  
   Mike Comrie              Mikkel Boedker           Chuck Kobasew            Marc Staal               Jack Johnson             

Goaltenders
Starting : Semyon Varlamov          
Backup : Dan Ellis                

Extra Forwards
Normal : Corey Perry, Paul Stastny, Alexander Radulov - PP : Corey Perry, Paul Stastny - PK : Alexander Radulov
Extra Defensemen
Normal : Pernell Karl Subban, Marc Staal, Shane O'Brien - PP : Pernell Karl Subban - PK : Jack Johnson, Shane O'Brien
Penalty Shots
Corey Perry, Andrei Kostitsyn, Mikkel Boedker, Bryan Little, Mike Comrie

Blue Jackets

5 vs 5 Forward 
   Center                   Left Wing                Right Wing               Time % Phy DF OF 
 1 Pavel Datsyuk            David Booth              Martin Havlat            40     1   2  2  
 2 Jan Bulis                Marcus Nilson            Andreas Nodl             30     1   2  2  
 3 Dave Steckel             Mike York                Jason Ward               20     1   2  2  
 4 Cory Emmerton            Jeff Taffe               Andrew Gordon            10     1   2  2  

5 vs 5 Defense 
   Defense                  Defense                                           Time % Phy DF OF 
 1 Branislav Mezei          Mike Lundin                                       40     1   2  2  
 2 François Beauchemin      Brooks Orpik                                      30     1   2  2  
 3 Mike Commodore           A.J Thelen                                        20     1   2  2  
 4 Branislav Mezei          Mike Lundin                                       10     1   2  2  

PowerPlay Forward 
   Center                   Left Wing                Right Wing               Time % Phy DF OF 
 1 Pavel Datsyuk            David Booth              Martin Havlat            60     1   2  2  
 2 Jan Bulis                Marcus Nilson            Andreas Nodl             40     1   2  2  

PowerPlay Defense
   Defense                  Defense                                           Time % Phy DF OF 
 1 Branislav Mezei          Mike Lundin                                       60     1   2  2  
 2 François Beauchemin      Brooks Orpik                                      40     1   2  2  

Penalty Kill 4 Players Forward 
   Center                   Wing                     Time % Phy DF OF 
 1 Pavel Datsyuk            David Booth              60     1   2  2  
 2 Martin Havlat            Marcus Nilson            40     1   2  2  

Penalty Kill 4 Players Defense
   Defense                  Defense                  Time % Phy DF OF 
 1 Branislav Mezei          Mike Lundin              60     1   2  2  
 2 François Beauchemin      Brooks Orpik             40     1   2  2  

Penalty Kill - 3 Players Forward 
   Forward                                           Time % Phy DF OF 
 1 Pavel Datsyuk                                     60     1   2  2  
 2 David Booth                                       40     1   2  2  

Penalty Kill - 3 Players Defense
   Defense                  Defense                  Time % Phy DF OF 
 1 Branislav Mezei          Mike Lundin              60     1   2  2  
 2 François Beauchemin      Brooks Orpik             40     1   2  2  

4 vs 4 Forward 
   Center                   Wing                     Time % Phy DF OF 
 1 Pavel Datsyuk            David Booth              60     1   2  2  
 2 Martin Havlat            Marcus Nilson            40     1   2  2  

4 vs 4 Defense
   Defense                  Defense                  Time % Phy DF OF 
 1 Branislav Mezei          Mike Lundin              60     1   2  2  
 2 François Beauchemin      Brooks Orpik             40     1   2  2  

Last Minutes Offensive
   Center                   Left Wing                Right Wing               Defense                  Defense                  
   Pavel Datsyuk            David Booth              Martin Havlat            Branislav Mezei          Mike Lundin              

Last Minutes Defensive
   Center                   Left Wing                Right Wing               Defense                  Defense                  
   Pavel Datsyuk            David Booth              Martin Havlat            Branislav Mezei          Mike Lundin              

Goaltenders
Starting : Rick DiPietro            
Backup : Niklas Backstrom         

Extra Forwards
Normal : Mike York, Dave Steckel, Jeff Taffe - PP : Mike York, Dave Steckel - PK : Jeff Taffe
Extra Defensemen
Normal : Mike Commodore, A.J Thelen, François Beauchemin - PP : Mike Commodore - PK : A.J Thelen, François Beauchemin
Penalty Shots
Pavel Datsyuk, David Booth, Martin Havlat, Marcus Nilson, Mike York

% Time on Ice - Avalanche

Lines # - Real PCT - Wanted PCT - Time Play
Normal Forward
1 - 34% - 35% - 16:14
2 - 29% - 35% - 13:50
3 - 18% - 15% - 8:27
4 - 20% - 15% - 9:43
Normal Defense
1 - 40% - 40% - 19:24
2 - 31% - 30% - 14:55
3 - 29% - 30% - 13:55
4 - 0% - 0% - 0:00
PP Forward
1 - 53% - 60% - 3:04
2 - 47% - 40% - 2:43
PP Defense
1 - 63% - 60% - 3:39
2 - 37% - 40% - 2:08
PK Forward
1 - 85% - 60% - 5:06
2 - 15% - 40% - 0:53
PK Defense
1 - 52% - 60% - 3:06
2 - 48% - 40% - 2:53
PK3 Forward
1 - 0% - 60%
2 - 0% - 40%
PK3 Defense
1 - 0% - 60%
2 - 0% - 40%
44 Forward
1 - 0% - 60%
2 - 0% - 40%
44 Defense
1 - 0% - 60%
2 - 0% - 40%
Last Minute Offensive  - 0:00
Last Minute Defensive  - 0:00
Total
Forward - 60:00
Defense - 60:00

% Time on Ice - Blue Jackets

Lines # - Real PCT - Wanted PCT - Time Play
Normal Forward
1 - 38% - 40% - 18:27
2 - 27% - 30% - 13:07
3 - 17% - 20% - 8:07
4 - 18% - 10% - 8:33
Normal Defense
1 - 39% - 40% - 18:59
2 - 31% - 30% - 14:43
3 - 24% - 20% - 11:46
4 - 6% - 10% - 2:46
PP Forward
1 - 62% - 60% - 3:44
2 - 38% - 40% - 2:15
PP Defense
1 - 66% - 60% - 3:57
2 - 34% - 40% - 2:02
PK Forward
1 - 76% - 60% - 4:24
2 - 24% - 40% - 1:23
PK Defense
1 - 63% - 60% - 3:38
2 - 37% - 40% - 2:09
PK3 Forward
1 - 0% - 60%
2 - 0% - 40%
PK3 Defense
1 - 0% - 60%
2 - 0% - 40%
44 Forward
1 - 0% - 60%
2 - 0% - 40%
44 Defense
1 - 0% - 60%
2 - 0% - 40%
Last Minute Offensive  - 0:00
Last Minute Defensive  - 0:00
Total
Forward - 60:00
Defense - 60:00

Play by Play

1st period


0:01 of 1st period - Pavel Datsyuk wins face-off versus Bryan Little in neutral zone.
0:08 of 1st period - Snap shot by Pavel Datsyuk.
0:08 of 1st period - Shot Misses the Net.
0:10 of 1st period - Snap shot by Martin Havlat.
0:10 of 1st period - Stopped by Semyon Varlamov without a rebound.
0:11 of 1st period - Marcus Nilson wins face-off versus Paul Stastny in Avalanche zone.
0:12 of 1st period - Wrist shot by Andreas Nodl.
0:12 of 1st period - Stopped by Semyon Varlamov with a rebound.
0:14 of 1st period - Slapshot by Marcus Nilson.
0:14 of 1st period - Stopped by Semyon Varlamov without a rebound.
0:15 of 1st period - Paul Stastny wins face-off versus Jan Bulis in Avalanche zone.
1:24 of 1st period - Icing by Pavel Datsyuk.
1:25 of 1st period - David Krejci wins face-off versus Cory Emmerton in Blue Jackets zone.
2:03 of 1st period - Wrist shot by David Booth.
2:03 of 1st period - Stopped by Semyon Varlamov with a rebound.
2:20 of 1st period - Marcus Nilson is hit by Andrei Kostitsyn and loses puck.
2:39 of 1st period - Snap shot by Dave Steckel.
2:39 of 1st period - Stopped by Semyon Varlamov without a rebound.
2:40 of 1st period - David Krejci wins face-off versus Mike York in Avalanche zone.
2:44 of 1st period - Off-side.
2:45 of 1st period - David Krejci wins face-off versus Pavel Datsyuk in neutral zone.
2:58 of 1st period - Wrist shot by David Krejci.
2:58 of 1st period - Shot Blocked by Mike Lundin.
3:12 of 1st period - Snap shot by Andreas Nodl.
3:12 of 1st period - Shot Misses the Net.
3:54 of 1st period - Andrew Ladd is hit by Mike Commodore and loses puck.
4:32 of 1st period - Icing by David Krejci.
4:33 of 1st period - Jan Bulis wins face-off versus David Krejci in Avalanche zone.
4:34 of 1st period - Snap shot by Andreas Nodl.
4:34 of 1st period - Stopped by Semyon Varlamov without a rebound.
4:35 of 1st period - Paul Stastny wins face-off versus Andreas Nodl in Avalanche zone.
4:48 of 1st period - Wrist shot by Alexander Radulov.
4:48 of 1st period - Shot Misses the Net.
5:51 of 1st period - Wrist shot by Mike Comrie.
5:51 of 1st period - Stopped by Rick DiPietro with a rebound.
5:53 of 1st period - Slapshot by Andrew Ladd.
5:53 of 1st period - Stopped by Rick DiPietro without a rebound.
5:54 of 1st period - Bryan Little wins face-off versus Pavel Datsyuk in Blue Jackets zone.
6:21 of 1st period - Paul Stastny is hit by Andreas Nodl and loses puck.
6:32 of 1st period - Marc Staal is hit by Marcus Nilson and loses puck.
6:39 of 1st period - Jan Bulis is hit by Marc Staal and loses puck.
6:40 of 1st period - Jan Bulis from Blue Jackets is injured at 6:40 of 1st period (Sprained Right Knee).
6:41 of 1st period - Bryan Little wins face-off versus Pavel Datsyuk in Blue Jackets zone.
6:54 of 1st period - Wrist shot by Corey Perry.
6:54 of 1st period - Stopped by Rick DiPietro with a rebound.
7:08 of 1st period - Mike Lundin is hit by Andrei Kostitsyn and loses puck.
8:21 of 1st period - Wrist shot by Bryan Little.
8:21 of 1st period - Shot Misses the Net.
9:26 of 1st period - Wrist shot by Paul Stastny.
9:26 of 1st period - Shot Misses the Net.
9:32 of 1st period - Slapshot by Alexander Radulov.
9:32 of 1st period - Shot Misses the Net.
9:56 of 1st period - Marcus Nilson is hit by Paul Stastny and loses puck.
10:05 of 1st period - Slapshot by Marcus Nilson.
10:05 of 1st period - Stopped by Semyon Varlamov with a rebound.
10:07 of 1st period - Wrist shot by Andreas Nodl.
10:07 of 1st period - Deflect By Jay Bouwmeester.
10:07 of 1st period - Shot Misses the Net.
10:07 of 1st period - Puck is out of play.
10:08 of 1st period - Pavel Datsyuk wins face-off versus Bryan Little in Avalanche zone.
10:58 of 1st period - Wrist shot by Pavel Datsyuk.
10:58 of 1st period - Shot Misses the Net.
11:00 of 1st period - Slapshot by Mike Commodore.
11:00 of 1st period - Stopped by Semyon Varlamov without a rebound.
11:01 of 1st period - Mike Comrie wins face-off versus Pavel Datsyuk in Avalanche zone.
11:20 of 1st period - Brandon Yip is hit by Jason Ward and loses puck.
11:45 of 1st period - Wrist shot by Pavel Datsyuk.
11:45 of 1st period - Stopped by Semyon Varlamov with a rebound.
12:07 of 1st period - Wrist shot by Pavel Datsyuk.
12:07 of 1st period - Stopped by Semyon Varlamov without a rebound.
12:08 of 1st period - Bryan Little wins face-off versus Dave Steckel in Avalanche zone.
12:25 of 1st period - Snap shot by Bryan Little.
12:25 of 1st period - Shot Misses the Net.
12:31 of 1st period - Minor Penalty to Marcus Nilson for Interference.
12:32 of 1st period - Pavel Datsyuk wins face-off versus Bryan Little in Blue Jackets zone.
12:49 of 1st period - Snap shot by Bryan Little.
12:49 of 1st period - Stopped by Rick DiPietro without a rebound.
12:50 of 1st period - Paul Stastny wins face-off versus Jeff Taffe in Blue Jackets zone.
12:51 of 1st period - Snap shot by Mikkel Boedker.
12:51 of 1st period - Deflect By Paul Stastny.
12:51 of 1st period - Deflect By Branislav Mezei.
12:51 of 1st period - Shot Misses the Net.
12:51 of 1st period - Puck is out of play.
12:52 of 1st period - Paul Stastny wins face-off versus Jeff Taffe in Blue Jackets zone.
14:31 of 1st period - Penalty to Marcus Nilson is over, Marcus Nilson is back on ice.
14:51 of 1st period - Snap shot by Ryan Smyth.
14:51 of 1st period - Deflect By David Krejci.
14:51 of 1st period - Shot Blocked by Andreas Nodl.
14:51 of 1st period - Puck is out of play.
14:52 of 1st period - Dave Steckel wins face-off versus Mike Comrie in Blue Jackets zone.
14:59 of 1st period - Slapshot by Mike York.
14:59 of 1st period - Stopped by Semyon Varlamov without a rebound.
15:00 of 1st period - Jason Ward wins face-off versus Mike Comrie in Avalanche zone.
15:42 of 1st period - Snap shot by Brandon Yip.
15:42 of 1st period - Shot Misses the Net.
15:44 of 1st period - Snap shot by Brandon Yip.
15:44 of 1st period - Shot Misses the Net.
15:46 of 1st period - Slapshot by Marc Staal.
15:46 of 1st period - Stopped by Rick DiPietro with a rebound.
15:48 of 1st period - Slapshot by Jack Johnson.
15:48 of 1st period - Stopped by Rick DiPietro without a rebound.
15:49 of 1st period - Mikkel Boedker wins face-off versus Pavel Datsyuk in Blue Jackets zone.
15:58 of 1st period - Wrist shot by David Booth.
15:58 of 1st period - Shot Blocked by Shane O'Brien.
16:24 of 1st period - Jay Bouwmeester is hit by Jeff Taffe and loses puck.
16:27 of 1st period - Snap shot by Paul Stastny.
16:27 of 1st period - Goal by Paul Stastny - Avalanche : 1 - Blue Jackets : 0.
16:28 of 1st period - Pavel Datsyuk wins face-off versus Bryan Little in neutral zone.
17:59 of 1st period - Wrist shot by Pavel Datsyuk.
17:59 of 1st period - Stopped by Semyon Varlamov without a rebound.
18:00 of 1st period - Pavel Datsyuk wins face-off versus Bryan Little in Avalanche zone.
18:11 of 1st period - Snap shot by Mikkel Boedker.
18:11 of 1st period - Goal by Mikkel Boedker - Avalanche : 2 - Blue Jackets : 0.
18:12 of 1st period - Corey Perry wins face-off versus David Booth in neutral zone.
18:17 of 1st period - Snap shot by Mikkel Boedker.
18:17 of 1st period - Shot Misses the Net.
18:19 of 1st period - Snap shot by Corey Perry.
18:19 of 1st period - Stopped by Rick DiPietro without a rebound.
18:20 of 1st period - Bryan Little wins face-off versus Pavel Datsyuk in Blue Jackets zone.
18:23 of 1st period - Snap shot by Corey Perry.
18:23 of 1st period - Stopped by Rick DiPietro with a rebound.
18:47 of 1st period - Corey Perry is hit by David Booth and loses puck.
18:56 of 1st period - Martin Havlat is hit by Bryan Little and loses puck.
19:11 of 1st period - Shane O'Brien is hit by Pavel Datsyuk and loses puck.
19:32 of 1st period - Slapshot by David Booth.
19:32 of 1st period - Deflect By Martin Havlat.
19:32 of 1st period - Stopped by Semyon Varlamov with a rebound.
19:34 of 1st period - Wrist shot by David Booth.
19:34 of 1st period - Shot Blocked by Shane O'Brien.
Goals for this period are 2 for Avalanche vs 0 for Blue Jackets.
Shots for this period are 10 for Avalanche vs 13 for Blue Jackets.

2nd period


0:01 of 2nd period - Pavel Datsyuk wins face-off versus Paul Stastny in neutral zone.
0:56 of 2nd period - Snap shot by Cory Emmerton.
0:56 of 2nd period - Stopped by Semyon Varlamov without a rebound.
0:57 of 2nd period - Paul Stastny wins face-off versus Pavel Datsyuk in Avalanche zone.
1:06 of 2nd period - Slapshot by Paul Stastny.
1:06 of 2nd period - Shot Misses the Net.
1:22 of 2nd period - Marcus Nilson is hit by Mikkel Boedker and loses puck.
1:48 of 2nd period - Minor Penalty to Cory Emmerton for Hooking.
1:49 of 2nd period - Pavel Datsyuk wins face-off versus Bryan Little in Blue Jackets zone.
2:00 of 2nd period - Snap shot by Johnny Boychuk.
2:00 of 2nd period - Shot Misses the Net.
2:22 of 2nd period - Marcus Nilson is hit by Alexander Radulov.
2:28 of 2nd period - Snap shot by Martin Havlat.
2:28 of 2nd period - Stopped by Semyon Varlamov without a rebound.
2:29 of 2nd period - Bryan Little wins face-off versus Pavel Datsyuk in Avalanche zone.
2:48 of 2nd period - David Booth is hit by Jay Bouwmeester and loses puck.
3:05 of 2nd period - Marcus Nilson is hit by Mikkel Boedker and loses puck.
3:24 of 2nd period - Slapshot by Mike Lundin.
3:24 of 2nd period - Shot Misses the Net.
3:29 of 2nd period - Off-side.
3:30 of 2nd period - Bryan Little wins face-off versus Pavel Datsyuk in neutral zone.
3:35 of 2nd period - Snap shot by Bryan Little.
3:35 of 2nd period - Stopped by Rick DiPietro with a rebound.
3:37 of 2nd period - Slapshot by Jay Bouwmeester.
3:37 of 2nd period - Goal by Jay Bouwmeester - Avalanche : 3 - Blue Jackets : 0.
3:38 of 2nd period - Pavel Datsyuk wins face-off versus Paul Stastny in neutral zone.
3:41 of 2nd period - Snap shot by Martin Havlat.
3:41 of 2nd period - Stopped by Semyon Varlamov with a rebound.
4:37 of 2nd period - Johnny Boychuk is hit by A.J Thelen and loses puck.
4:55 of 2nd period - Andrew Ladd is hit by David Booth.
5:42 of 2nd period - Ryan Smyth is hit by David Booth and loses puck.
6:16 of 2nd period - Off-side.
6:17 of 2nd period - Dave Steckel wins face-off versus Andrew Ladd in neutral zone.
6:22 of 2nd period - Snap shot by Mike York.
6:22 of 2nd period - Stopped by Semyon Varlamov without a rebound.
6:23 of 2nd period - Paul Stastny wins face-off versus Pavel Datsyuk in Avalanche zone.
6:32 of 2nd period - Andrei Kostitsyn is hit by Branislav Mezei.
6:58 of 2nd period - Snap shot by Bryan Little.
6:58 of 2nd period - Shot Misses the Net.
7:00 of 2nd period - Backhand shot by Bryan Little.
7:00 of 2nd period - Stopped by Rick DiPietro with a rebound.
7:26 of 2nd period - Marc Staal is hit by Mike Lundin and loses puck.
7:41 of 2nd period - Snap shot by Mike Comrie.
7:41 of 2nd period - Shot Misses the Net.
7:43 of 2nd period - Wrist shot by Andrew Ladd.
7:43 of 2nd period - Stopped by Rick DiPietro with a rebound.
7:45 of 2nd period - Slapshot by Jack Johnson.
7:45 of 2nd period - Stopped by Rick DiPietro with a rebound.
7:47 of 2nd period - Wrist shot by Brandon Yip.
7:47 of 2nd period - Shot Blocked by Pavel Datsyuk.
7:49 of 2nd period - Wrist shot by Mike Comrie.
7:49 of 2nd period - Stopped by Rick DiPietro with a rebound.
8:09 of 2nd period - Slapshot by Andrei Kostitsyn.
8:09 of 2nd period - Goal by Andrei Kostitsyn - Avalanche : 4 - Blue Jackets : 0.
8:09 of 2nd period - Niklas Backstrom enters game.
8:10 of 2nd period - Pavel Datsyuk wins face-off versus Paul Stastny in neutral zone.
8:14 of 2nd period - Paul Stastny beats up Brooks Orpik.
8:14 of 2nd period - Penalty to Brooks Orpik for Fighting.
8:14 of 2nd period - Penalty to Paul Stastny for Fighting.
8:15 of 2nd period - Pavel Datsyuk wins face-off versus Corey Perry in Avalanche zone.
8:40 of 2nd period - Marc Staal is hit by Andreas Nodl.
9:39 of 2nd period - Snap shot by Pavel Datsyuk.
9:39 of 2nd period - Stopped by Semyon Varlamov with a rebound.
9:45 of 2nd period - François Beauchemin is hit by Mike Comrie and loses puck.
10:18 of 2nd period - Wrist shot by Marcus Nilson.
10:18 of 2nd period - Goal by Marcus Nilson - Avalanche : 4 - Blue Jackets : 1.
10:19 of 2nd period - Corey Perry wins face-off versus Mike York in neutral zone.
10:30 of 2nd period - Snap shot by Corey Perry.
10:30 of 2nd period - Stopped by Niklas Backstrom with a rebound.
10:32 of 2nd period - Slapshot by Jack Johnson.
10:32 of 2nd period - Stopped by Niklas Backstrom without a rebound.
10:33 of 2nd period - Pavel Datsyuk wins face-off versus Corey Perry in Blue Jackets zone.
10:33 of 2nd period - Pavel Datsyuk is hit by Andrei Kostitsyn.
10:58 of 2nd period - Marcus Nilson is hit by Andrew Ladd and loses puck.
11:20 of 2nd period - Off-side.
11:21 of 2nd period - David Krejci wins face-off versus Cory Emmerton in neutral zone.
11:28 of 2nd period - Snap shot by Jay Bouwmeester.
11:28 of 2nd period - Stopped by Niklas Backstrom with a rebound.
11:38 of 2nd period - Cory Emmerton is hit by Chuck Kobasew and loses puck.
12:14 of 2nd period - Martin Havlat is hit by Andrew Ladd and loses puck.
12:51 of 2nd period - David Krejci is hit by Mike Commodore and loses puck.
13:06 of 2nd period - Slapshot by Mike York.
13:06 of 2nd period - Stopped by Semyon Varlamov without a rebound.
13:07 of 2nd period - Mike Comrie wins face-off versus Dave Steckel in Avalanche zone.
13:07 of 2nd period - Mike Comrie is hit by Mike York.
13:17 of 2nd period - Wrist shot by Brandon Yip.
13:17 of 2nd period - Shot Hit the Post.
14:00 of 2nd period - Snap shot by Paul Stastny.
14:00 of 2nd period - Stopped by Niklas Backstrom without a rebound.
14:01 of 2nd period - Paul Stastny wins face-off versus Pavel Datsyuk in Blue Jackets zone.
14:10 of 2nd period - Snap shot by Andrei Kostitsyn.
14:10 of 2nd period - Stopped by Niklas Backstrom with a rebound.
14:26 of 2nd period - Chuck Kobasew is hit by Mike York and loses puck.
14:42 of 2nd period - Minor Penalty to Chuck Kobasew for Interference.
14:43 of 2nd period - Pavel Datsyuk wins face-off versus Mike Comrie in Avalanche zone.
14:50 of 2nd period - Wrist shot by Alexander Radulov.
14:50 of 2nd period - Stopped by Niklas Backstrom without a rebound.
14:51 of 2nd period - Mike Comrie wins face-off versus Pavel Datsyuk in Blue Jackets zone.
15:00 of 2nd period - Slapshot by Alexander Radulov.
15:00 of 2nd period - Shot Blocked by Mike Lundin.
15:02 of 2nd period - Snap shot by Marc Staal.
15:02 of 2nd period - Goal by Marc Staal - Avalanche : 5 - Blue Jackets : 1.
15:03 of 2nd period - Pavel Datsyuk wins face-off versus Mike Comrie in neutral zone.
15:53 of 2nd period - Icing by François Beauchemin.
15:54 of 2nd period - Pavel Datsyuk wins face-off versus David Krejci in Blue Jackets zone.
16:19 of 2nd period - Snap shot by Andreas Nodl.
16:19 of 2nd period - Deflect By Mike York.
16:19 of 2nd period - Shot Misses the Net.
16:19 of 2nd period - Puck is out of play.
16:20 of 2nd period - Pavel Datsyuk wins face-off versus Mike Comrie in Avalanche zone.
16:23 of 2nd period - Wrist shot by Martin Havlat.
16:23 of 2nd period - Shot Misses the Net.
16:25 of 2nd period - Wrist shot by Martin Havlat.
16:25 of 2nd period - Shot Blocked by Pernell Karl Subban.
16:27 of 2nd period - Slapshot by Mike Lundin.
16:27 of 2nd period - Stopped by Semyon Varlamov without a rebound.
16:28 of 2nd period - Pavel Datsyuk wins face-off versus Mike Comrie in Avalanche zone.
16:39 of 2nd period - Wrist shot by Pavel Datsyuk.
16:39 of 2nd period - Shot Misses the Net.
16:41 of 2nd period - Slapshot by Branislav Mezei.
16:41 of 2nd period - Shot Blocked by Alexander Radulov.
16:42 of 2nd period - Penalty to Chuck Kobasew is over, Chuck Kobasew is back on ice.
16:43 of 2nd period - Wrist shot by David Booth.
16:43 of 2nd period - Shot Misses the Net.
16:45 of 2nd period - Slapshot by Mike Lundin.
16:45 of 2nd period - Stopped by Semyon Varlamov with a rebound.
16:59 of 2nd period - Wrist shot by Pavel Datsyuk.
16:59 of 2nd period - Shot Blocked by Pernell Karl Subban.
17:01 of 2nd period - Slapshot by Martin Havlat.
17:01 of 2nd period - Deflect By Alexander Radulov.
17:01 of 2nd period - Stopped by Semyon Varlamov with a rebound.
17:05 of 2nd period - Snap shot by Pavel Datsyuk.
17:05 of 2nd period - Shot Blocked by Pernell Karl Subban.
17:40 of 2nd period - Snap shot by David Booth.
17:40 of 2nd period - Shot Blocked by Chuck Kobasew.
17:42 of 2nd period - Wrist shot by Martin Havlat.
17:42 of 2nd period - Stopped by Semyon Varlamov with a rebound.
17:44 of 2nd period - Snap shot by David Booth.
17:44 of 2nd period - Shot Misses the Net.
18:55 of 2nd period - Pernell Karl Subban is hit by Pavel Datsyuk.
19:09 of 2nd period - Wrist shot by Pavel Datsyuk.
19:09 of 2nd period - Shot Blocked by Pernell Karl Subban.
19:11 of 2nd period - Slapshot by Mike Lundin.
19:11 of 2nd period - Stopped by Semyon Varlamov with a rebound.
19:13 of 2nd period - Snap shot by David Booth.
19:13 of 2nd period - Deflect By Martin Havlat.
19:13 of 2nd period - Shot Misses the Net.
19:13 of 2nd period - Puck is out of play.
19:14 of 2nd period - Mike York wins face-off versus Bryan Little in Avalanche zone.
19:56 of 2nd period - Jeff Taffe is hit by Marc Staal and loses puck.
Goals for this period are 3 for Avalanche vs 1 for Blue Jackets.
Shots for this period are 14 for Avalanche vs 12 for Blue Jackets.

3rd period


0:01 of 3rd period - Mike York wins face-off versus Paul Stastny in neutral zone.
0:38 of 3rd period - Slapshot by Mike Lundin.
0:38 of 3rd period - Stopped by Semyon Varlamov without a rebound.
0:39 of 3rd period - Paul Stastny wins face-off versus Dave Steckel in Avalanche zone.
0:50 of 3rd period - Slapshot by Andrei Kostitsyn.
0:50 of 3rd period - Deflect By Mike York.
0:50 of 3rd period - Stopped by Niklas Backstrom without a rebound.
0:51 of 3rd period - Paul Stastny wins face-off versus Mike York in Blue Jackets zone.
1:44 of 3rd period - Minor Penalty to Chuck Kobasew for Hooking.
1:45 of 3rd period - Mike Comrie wins face-off versus Pavel Datsyuk in Avalanche zone.
3:41 of 3rd period - Wrist shot by Jeff Taffe.
3:41 of 3rd period - Shot Misses the Net.
3:43 of 3rd period - Slapshot by Jeff Taffe.
3:43 of 3rd period - Shot Misses the Net.
3:44 of 3rd period - Penalty to Chuck Kobasew is over, Chuck Kobasew is back on ice.
3:47 of 3rd period - Wrist shot by Andrew Gordon.
3:47 of 3rd period - Shot Misses the Net.
3:49 of 3rd period - Snap shot by Andrew Gordon.
3:49 of 3rd period - Shot Misses the Net.
3:51 of 3rd period - Slapshot by A.J Thelen.
3:51 of 3rd period - Deflect By Pernell Karl Subban.
3:51 of 3rd period - Stopped by Semyon Varlamov with a rebound.
4:23 of 3rd period - Andrew Gordon is hit by Chuck Kobasew and loses puck.
4:40 of 3rd period - Andrew Gordon is hit by Bryan Little and loses puck.
5:09 of 3rd period - Andrew Gordon is hit by Paul Stastny and loses puck.
5:51 of 3rd period - Minor Penalty to Bryan Little for Delaying the game.
5:52 of 3rd period - Mike Comrie wins face-off versus Pavel Datsyuk in Avalanche zone.
6:01 of 3rd period - Slapshot by Mike Lundin.
6:01 of 3rd period - Shot Misses the Net.
6:21 of 3rd period - Pernell Karl Subban is hit by Pavel Datsyuk.
6:42 of 3rd period - Andrew Ladd is hit by Mike Lundin and loses puck.
6:59 of 3rd period - Snap shot by Martin Havlat.
6:59 of 3rd period - Shot Misses the Net.
7:01 of 3rd period - Backhand shot by Pavel Datsyuk.
7:01 of 3rd period - Shot Misses the Net.
7:18 of 3rd period - Icing by Branislav Mezei.
7:19 of 3rd period - Mike York wins face-off versus Mike Comrie in Blue Jackets zone.
7:26 of 3rd period - Slapshot by Brooks Orpik.
7:26 of 3rd period - Stopped by Semyon Varlamov without a rebound.
7:27 of 3rd period - Mike York wins face-off versus Mike Comrie in Avalanche zone.
7:51 of 3rd period - Penalty to Bryan Little is over, Bryan Little is back on ice.
7:58 of 3rd period - Andrei Kostitsyn is hit by Andrew Gordon and loses puck.
8:17 of 3rd period - Minor Penalty to Andrei Kostitsyn for Interference.
8:18 of 3rd period - Marcus Nilson wins face-off versus Mike Comrie in Avalanche zone.
8:19 of 3rd period - Snap shot by Andreas Nodl.
8:19 of 3rd period - Deflect By Mike York.
8:19 of 3rd period - Goal by Mike York - Avalanche : 5 - Blue Jackets : 2.
8:20 of 3rd period - Pavel Datsyuk wins face-off versus Paul Stastny in neutral zone.
8:54 of 3rd period - Andreas Nodl is hit by Jack Johnson and loses puck.
9:15 of 3rd period - Snap shot by Jack Johnson.
9:15 of 3rd period - Stopped by Niklas Backstrom with a rebound.
9:19 of 3rd period - Wrist shot by David Krejci.
9:19 of 3rd period - Shot Misses the Net.
9:21 of 3rd period - Slapshot by Jack Johnson.
9:21 of 3rd period - Stopped by Niklas Backstrom with a rebound.
9:23 of 3rd period - Snap shot by Ryan Smyth.
9:23 of 3rd period - Shot Misses the Net.
9:25 of 3rd period - Wrist shot by David Krejci.
9:25 of 3rd period - Stopped by Niklas Backstrom with a rebound.
9:35 of 3rd period - Andrew Ladd is hit by Pavel Datsyuk and loses puck.
9:42 of 3rd period - Brandon Yip is hit by David Booth and loses puck.
10:17 of 3rd period - Snap shot by Ryan Smyth.
10:17 of 3rd period - Stopped by Niklas Backstrom without a rebound.
10:18 of 3rd period - Pavel Datsyuk wins face-off versus David Krejci in Blue Jackets zone.
11:29 of 3rd period - Wrist shot by Ryan Smyth.
11:29 of 3rd period - Stopped by Niklas Backstrom without a rebound.
11:30 of 3rd period - Dave Steckel wins face-off versus Paul Stastny in Blue Jackets zone.
11:30 of 3rd period - Dave Steckel is hit by Andrei Kostitsyn.
11:42 of 3rd period - Snap shot by Andrei Kostitsyn.
11:42 of 3rd period - Stopped by Niklas Backstrom without a rebound.
11:43 of 3rd period - Paul Stastny wins face-off versus Pavel Datsyuk in Blue Jackets zone.
11:56 of 3rd period - Wrist shot by Martin Havlat.
11:56 of 3rd period - Stopped by Semyon Varlamov with a rebound.
12:09 of 3rd period - Branislav Mezei is hit by Mikkel Boedker and loses puck.
12:18 of 3rd period - Slapshot by Mike York.
12:18 of 3rd period - Stopped by Semyon Varlamov with a rebound.
12:38 of 3rd period - Snap shot by Jeff Taffe.
12:38 of 3rd period - Stopped by Semyon Varlamov without a rebound.
12:39 of 3rd period - Paul Stastny wins face-off versus Pavel Datsyuk in Avalanche zone.
13:03 of 3rd period - Icing by Paul Stastny.
13:04 of 3rd period - Paul Stastny wins face-off versus Marcus Nilson in Avalanche zone.
13:04 of 3rd period - Paul Stastny is hit by Marcus Nilson.
13:18 of 3rd period - Wrist shot by Bryan Little.
13:18 of 3rd period - Shot Blocked by Mike Lundin.
13:20 of 3rd period - Wrist shot by Mikkel Boedker.
13:20 of 3rd period - Stopped by Niklas Backstrom with a rebound.
13:22 of 3rd period - Slapshot by Marc Staal.
13:22 of 3rd period - Shot Misses the Net.
13:55 of 3rd period - Wrist shot by Cory Emmerton.
13:55 of 3rd period - Stopped by Semyon Varlamov with a rebound.
13:57 of 3rd period - Snap shot by Jeff Taffe.
13:57 of 3rd period - Stopped by Semyon Varlamov with a rebound.
13:59 of 3rd period - Wrist shot by Branislav Mezei.
13:59 of 3rd period - Deflect By Andrew Gordon.
13:59 of 3rd period - Stopped by Semyon Varlamov with a rebound.
14:01 of 3rd period - Wrist shot by Andrew Gordon.
14:01 of 3rd period - Shot Misses the Net.
14:11 of 3rd period - Snap shot by Mike York.
14:11 of 3rd period - Stopped by Semyon Varlamov without a rebound.
14:12 of 3rd period - Dave Steckel wins face-off versus David Krejci in Avalanche zone.
14:25 of 3rd period - Slapshot by Mike York.
14:25 of 3rd period - Shot Misses the Net.
15:35 of 3rd period - Slapshot by Marc Staal.
15:35 of 3rd period - Deflect By Marcus Nilson.
15:35 of 3rd period - Stopped by Niklas Backstrom without a rebound.
15:36 of 3rd period - David Krejci wins face-off versus Pavel Datsyuk in Blue Jackets zone.
16:06 of 3rd period - Wrist shot by David Krejci.
16:06 of 3rd period - Stopped by Niklas Backstrom without a rebound.
16:07 of 3rd period - Mike York wins face-off versus Paul Stastny in Blue Jackets zone.
16:18 of 3rd period - Andreas Nodl is hit by Andrei Kostitsyn and loses puck.
16:23 of 3rd period - Wrist shot by Paul Stastny.
16:23 of 3rd period - Stopped by Niklas Backstrom with a rebound.
16:33 of 3rd period - Brooks Orpik is hit by Bryan Little and loses puck.
16:57 of 3rd period - Minor Penalty to Cory Emmerton for Slashing.
16:58 of 3rd period - Pavel Datsyuk wins face-off versus Corey Perry in Blue Jackets zone.
17:12 of 3rd period - Johnny Boychuk is hit by Branislav Mezei and loses puck.
18:11 of 3rd period - Wrist shot by Paul Stastny.
18:11 of 3rd period - Shot Misses the Net.
18:57 of 3rd period - Penalty to Cory Emmerton is over, Cory Emmerton is back on ice.
Goals for this period are 0 for Avalanche vs 1 for Blue Jackets.
Shots for this period are 11 for Avalanche vs 11 for Blue Jackets.